 Dungeon Crawl Stone Soup version 0.29.0-11-gd7f09526c8 (webtiles) character file.

Game seed: 15108100649248980260

276842 Mahakala the Executioner (level 19, -9/189 HPs)
             Began as a Minotaur Berserker on Sept 3, 2022.
             Was the Champion of Trog.
             Mangled by a vault warden
             ... wielding a +3 battleaxe
              (33 damage)
             ... on level 3 of the Vaults on Sept 6, 2022.
             The game lasted 03:15:38 (42835 turns).

Mahakala the Executioner (Minotaur Berserker)      Turns: 42835, Time: 03:15:39

Health: -9/189     AC: 32    Str: 29    XL:     19   Next: 59%
Magic:  6/6        EV: 15    Int:  4    God:    Trog [******]
Gold:   3018       SH:  0    Dex: 11    Spells: 18/18 levels left

rFire   + . .      SeeInvis .   a - +5 executioner's axe (antimagic)
rCold   + + +      Faith    .   (shield currently unavailable)
rNeg    . . .      Spirit   .   K - +1 plate armour of Follow the Leader {rElec}
rPois   .          Reflect  .   (helmet restricted)
rElec   +          Harm     .   F - +2 cloak "Enalic" {-Cast rF+ rC++}
rCorr   .          Rampage  .   H - +2 pair of gloves {Stlth+}
Will    ++...      Rage     3%  s - +3 pair of mountain boots {steadfast, rC+}
Stlth   .......... NoCast   +   r - amulet of regeneration
HPRegen 1.21/turn               l - ring of willpower
MPRegen 0.10/turn               Z - +4 ring of evasion

@: on berserk cooldown, slowed, unable to read, very slow
A: horns 2, retaliatory headbutt, berserk 1, inability to read after injury 1
}: 2/15 runes: decaying, gossamer
a: Renounce Religion, Berserk, Trog's Hand, Brothers in Arms


You were on level 3 of the Vaults.
You worshipped Trog.
Trog was exalted by your worship.
You visited 6 branches of the dungeon, and saw 32 of its levels.
You also visited: Bailey and Ice Cave.

You collected 4122 gold pieces.
You spent 1104 gold pieces at shops.

Inventory:

Hand Weapons
 a - a +5 antimagic executioner's axe (weapon)
 b - the +5 executioner's axe of Debt {flame, Dex+3}
   (Trog gifted it to you on level 11 of the Dungeon)

   It burns those it strikes, dealing additional fire damage.
   Big, fiery blades are also staple armaments of hydra-hunters.
   Dex:       It affects your dexterity (+3).
Missiles
 g - 35 poisoned darts
 m - 5 curare-tipped darts {!f}
 y - 32 boomerangs
 O - 9 javelins (quivered)
 P - 3 silver javelins
Armour
 s - the +3 pair of mountain boots (worn) {steadfast, rC+}
   (You acquired it on level 11 of the Dungeon)

   It prevents involuntary movement, except for blinking, teleportation, or
   banishment.
   rC:        It protects you from cold.
 F - the +2 cloak "Enalic" (worn) {-Cast rF+ rC++}
   (You found it on level 4 of the Spider Nest)

   rF:        It protects you from fire.
   rC:        It greatly protects you from cold.
   -Cast:     It prevents spellcasting.
 H - a +2 pair of gloves of stealth (worn)
 K - the +1 plate armour of Follow the Leader (worn) {rElec}
   (You found it on level 4 of the Swamp)

   rElec:     It insulates you from electricity.
Jewellery
 l - a ring of willpower (left hand)
 r - an amulet of regeneration (around neck)
 u - a ring of positive energy
 z - a ring of see invisible
 D - a ring of protection from fire
 N - a +4 ring of protection
 T - a ring of flight
 Y - a ring of poison resistance
 Z - a +4 ring of evasion (right hand)
Wands
 d - a wand of iceblast (18)
 t - a wand of flame (59)
 v - a wand of digging (5)
 L - a wand of light (9)
 Q - a wand of polymorph (23)
 R - a wand of mindburst (19)
 V - a wand of charming (21)
Scrolls
 f - 3 scrolls of fear
 i - 5 scrolls of teleportation {@r4}
 j - 5 scrolls of vulnerability {!r}
 o - 3 scrolls of immolation {!r}
 p - a scroll of butterflies
 A - 6 scrolls of magic mapping
 B - 8 scrolls of blinking
 C - 4 scrolls of enchant weapon
 J - 4 scrolls of enchant armour
 S - a scroll of poison {!r}
 X - 9 scrolls of identify {@r1}
Potions
 c - 2 potions of attraction {!q}
 e - a potion of resistance
 h - 19 potions of curing {@q1}
 k - 4 potions of ambrosia
 n - 9 potions of haste {@q3}
 q - 9 potions of heal wounds {@q2}
 w - a potion of mutation {!q}
 x - 2 potions of berserk rage
 I - 6 potions of invisibility
 M - 6 potions of might
 U - 2 potions of cancellation
 W - 3 potions of lignification {!q}
Miscellaneous
 E - a tin of tremorstones (2/2)
 G - a phial of floods


   Skills:
 + Level 21.2 Fighting
 - Level 26.1 Axes
 + Level 10.9 Throwing
 + Level 19.6 Armour
 - Level 8.0 Dodging
 - Level 4.0 Shields
 - Level 8.0 Evocations


You had 18 spell levels left.
You didn't know any spells.
Your spell library was empty.

Dungeon Overview and Level Annotations

Branches:
Dungeon (14/15)            Temple (0/1) D:5            Lair (5/5) D:11
  Swamp (4/4) Lair:3       Spider (4/4) Lair:3        Slime (0/5) Lair:4
    Orc (2/2) D:10            Elf (0/3) Orc:2        Vaults (3/5) D:13
  Crypt (0/3) Vaults:2     Bailey (visited)           IceCv (visited)

Altars:
Ashenzari
Elyvilon
Fedhas
Gozag
Hepliaklqana
Kikubaaqudgha
Makhleb
Qazlal
Ru
Sif Muna
Yredelemnul
The Shining One
Jiyva

Shops:
Orc:2 !(*:**   Vaults:1 [   Vaults:2 (   Vaults:3 *=

Portals:
Pandemonium: Orc:2
Trove: D:10 (give +2 shadow dragon scales)

Annotations:
D:10 2 transporters, clovenhoof's ghost, novice DrVM
Lair:4 2 transporters, Nubia's ghost, journeyman GnEn


Innate Abilities, Weirdness & Mutations

You have a pair of horns on your head.
You reflexively headbutt those who attack you in melee.
You sometimes lose your temper in combat.
You occasionally lose the ability to read scrolls when taking damage.


Message History

The ironbound convoker's magic leaks into the air.
The ironbound convoker closely misses you. x2
You furiously retaliate!
You headbutt the ironbound convoker!!
You kill the ironbound convoker!
Trog accepts your kill.
Trog appreciates your killing of a magic user.
You carve the ironbound convoker like a ham!!!
You kill the ironbound convoker!
Trog accepts your kill.
Trog appreciates your killing of a magic user.
You see here a +0 arbalest.
You slam the door shut with a bang!
You feel a strong urge to attack something.
You are too berserk!
You feel your anger nearly subside.
You are no longer berserk.
You are exhausted.
You feel yourself slow down.
A deep troll earth mage opens the door.
Okay, then.
Press: ? - help, v - describe, . - travel, g - get item
Here: a deep troll earth mage
Items here: ( ))) [[[ ††.
The floor, spattered with blood.
As you read the scroll of teleportation {@r4}, it crumbles to dust.
You feel strangely unstable.
You carve the vault guard like a ham!!!
You kill the vault guard!
Trog accepts your kill.
Your surroundings suddenly seem different.
A yaktaur, a cyclops, a yaktaur captain and 4 humans come into view.
Found 23 gold pieces, 8 stones and a brightly glowing chain mail.
The yaktaur shouts!
The ironbound preserver shouts!
The vault warden shouts!
The ironbound convoker shouts!
The vault warden shouts!
You hear a shout!
A vault guard comes into view. It is wielding a +0 bardiche.
A vault guard comes into view. It is wielding a +0 broad axe.
The ironbound convoker gestures at the vault warden while chanting.
The vault warden seems to grow stronger.
The vault warden hits you with a +3 battleaxe!!
You feel threatened and lose the ability to read scrolls!
You die...

########
#########
#......#
#$......#
#......#
#....c..#
#......###
#..pC@p.#
#......#..
#...c.p.#
#......'..
#....p..#
#......#..
#[.....(#
#......#..
####'####
#......#..
p...p
#.)#####..
......
##.## #..
##'####
#⌠.⌠# #..
#.∩.######


You could see an ironbound preserver, 2 vault wardens, a yaktaur captain, 2
vault guards, a cyclops, an ironbound convoker and a yaktaur.

Vanquished Creatures
  Arachne (Spider:2)
  Jorgrun (Swamp:3)
  6 thorn hunters
  Kirke (Swamp:3)
  Roxanne (Swamp:4)
  4 vault wardens
  A frost giant (IceCv)
  An orc warlord (Vaults:2)
  7 emperor scorpions
  A ghost moth (Spider:2)
  A hydra zombie (Swamp:4)
  2 ghouls (Swamp:4)
  7 very ugly things
  8 ironbound preservers
  5 ironbound thunderhulks
  Nessos (D:13)
  2 vampire knights (Swamp:4)
  The ghost of greatdavidd the Severer, a journeyman HOFi of Okawaru (Orc:2)
  A stone giant (Vaults:3)
  17 dire elephants
  An eleionoma (Swamp:4)
  6 entropy weavers
  6 bunyips
  A spark wasp (Spider:2)
  A deep elf death mage (Vaults:2)
  A jiangshi (Vaults:2)
  3 yaktaur captains
  3 shambling mangroves
  A great orb of eyes (Vaults:2)
  9 boulder beetles
  15 hydras
  A ghost crab (Swamp:4)
  6 vault guards
  2 radroaches
  6 ironbound frosthearts
  Erica (D:10)
  2 catoblepae
  2 jorogumos
  2 demonspawn (Orc:2)
  2 dancing weapons (D:13)
  2 tengu warriors (D:14)
  9 alligators
  19 centaur warriors
  3 two-headed ogres (D:12)
  14 death yaks
  A deep troll shaman (Lair:5)
  5 orc high priests (Orc:2)
  Nergalle (Lair:3)
  A spriggan berserker (Swamp:4)
  3 sun moths
  A goliath frog (Swamp:1)
  3 skeletal warriors (D:13)
  9 pharaoh ants
  9 steelbarb worms
  36 deep trolls
  6 spriggan druids
  A glowing orange brain (Vaults:2)
  8 orb spiders
  2 spectral hydras (Swamp:4)
  Pikel (D:7)
  7 bog bodies
  10 orc knights
  3 wizards
  10 swamp dragons
  2 deep elf pyromancers
  5 harpies (Vaults:1)
  A necromancer (Vaults:1)
  8 ironbound convokers
  11 wolf spiders
  11 ugly things
  5 will-o-the-wisps
  6 oklob plants
  2 cyclopes
  7 orc sorcerers (Orc:2)
  2 stone giant skeletons (Vaults:1)
  2 moths of wrath
  15 elephants
  3 black mambas
  3 cane toads
  8 vault sentinels
  6 torpor snails
  2 ice statues
  2 molten gargoyles (Lair:3)
  A kobold demonologist (D:11)
  4 rime drakes
  An efreet (D:13)
  3 freezing wraiths (Swamp:4)
  10 komodo dragons
  8 demonic crawlers
  4 ice devils
  11 yaktaurs
  A tengu conjurer (D:13)
  An anaconda simulacrum (Lair:1)
  A human zombie (Vaults:1)
  2 bloated husks (Swamp:1)
  7 meliai
  3 trolls
  A polar bear (shapeshifter) (D:14)
  14 polar bears
  13 tyrant leeches
  22 slime creatures
  3 death drake zombies (Swamp:4)
  11 hornets
  A hornet (shapeshifter) (D:14)
  24 tarantellas
  20 blink frogs
  25 jumping spiders
  2 death drake skeletons (Swamp:4)
  16 culicivoras
  57 yaks
  A vampire (D:10)
  A water elemental (D:12)
  6 spriggans
  3 wyverns (Lair:3)
  A culicivora (shapeshifter) (D:9)
  A shadow (D:13)
  A ynoxinul (Orc:2)
  Eustachio (D:5)
  2 wraiths
  3 hogs (Swamp:3)
  4 basilisks
  A neqoxec (Orc:2)
  A death yak simulacrum (Lair:3)
  29 redbacks
  An elf simulacrum (Vaults:1)
  2 steam dragons (D:8)
  2 wargs (Orc:1)
  10 vampire mosquitoes
  17 swamp worms
  2 acid dragons
  16 water moccasins
  4 hydra simulacra (Swamp:4)
  A floating eye (Lair:3)
  An ogre skeleton (Vaults:1)
  45 orc warriors
  5 swamp drakes
  3 black bears
  An ice beast (D:6)
  5 ogres
  8 boggarts (Vaults:3)
  3 swamp dragon zombies (Swamp:4)
  41 wolves
  A swamp dragon skeleton (Swamp:4)
  10 centaurs
  3 lemures (D:7)
  6 kobold brigands
  14 bullfrogs
  3 necrophages
  A gnoll sergeant (D:7)
  3 cane toad simulacra
  5 scorpions
  An elephant simulacrum (Lair:1)
  5 electric eels
  5 lava snakes (Lair:3)
  8 hounds
  36 orc priests
  6 iguanas
  Natasha (thrice) (D:3)
  33 orc wizards
  2 hell rats (D:11)
  A troll simulacrum (Lair:1)
  3 wolf simulacra
  5 adders
  9 gnolls
  A river rat (D:11)
  A white imp (Lair:1)
  An ufetubus (D:5)
  3 dart slugs
  93 orcs
  9 ball pythons
  10 endoplasms
  2 giant cockroaches
  14 hobgoblins
  10 jackals
  2 quokkas
  5 bats
  3 frilled lizards
  11 goblins
  23 kobolds
  6 rats
  11 briar patches (Swamp:4)
  A bush (Lair:5)
1262 creatures vanquished.

Vanquished Creatures (others)
  An ironbound thunderhulk (Vaults:2)
  2 humans (Swamp:3)
  7 briar patches (Swamp:4)
  34 foxfires
  23 fungi
  72 plants
139 creatures vanquished.

Grand Total: 1401 creatures vanquished

Notes
Turn   | Place    | Note
-------+----------+-------------------------------------------
     0 | D:1      | Mahakala the Minotaur Berserker began the quest for the
                  | Orb.
     0 | D:1      | Reached XP level 1. HP: 19/19 MP: 0/0
   419 | D:1      | Reached skill level 4 in Axes
   545 | D:1      | Reached XP level 2. HP: 27/27 MP: 1/1
  1611 | D:2      | Reached XP level 3. HP: 27/33 MP: 2/2
  2631 | D:2      | Reached skill level 5 in Axes
  2631 | D:2      | Reached ** piety under Trog
  2846 | D:3      | Reached XP level 4. HP: 40/40 MP: 3/3
  2917 | D:3      | Noticed Natasha
  3397 | D:3      | Found a burning altar of Makhleb.
  3440 | D:3      | Killed Natasha
  3540 | D:3      | Noticed Natasha
  3547 | D:3      | Killed Natasha
  3548 | D:3      | Reached skill level 1 in Shields
  3651 | D:3      | Noticed Natasha
  3660 | D:3      | Killed Natasha
  3661 | D:3      | Reached XP level 5. HP: 46/46 MP: 4/4
  3879 | D:3      | Found a hazy altar of Hepliaklqana.
  4044 | D:4      | Reached skill level 6 in Axes
  4086 | D:4      | You fall into a shaft and drop 1 floor!
  4086 | D:5      | Entered Level 5 of the Dungeon
  4119 | D:5      | Noticed a black bear
  4137 | D:5      | Killed a black bear
  4138 | D:5      | Reached skill level 5 in Armour
  4138 | D:5      | Reached XP level 6. HP: 52/52 MP: 5/5
  4336 | D:4      | Found an opulent altar of Gozag.
  4338 | D:4      | Found an ancient bone altar of Kikubaaqudgha.
  4342 | D:4      | Found a white marble altar of Elyvilon.
  4342 | D:4      | Found a stormy altar of Qazlal.
  4343 | D:4      | Found a sacrificial altar of Ru.
  4344 | D:4      | Found a glowing golden altar of the Shining One.
  4458 | D:4      | Reached skill level 7 in Axes
  4458 | D:4      | Reached XP level 7. HP: 13/59 MP: 6/6
  4953 | D:5      | Noticed Eustachio
  4969 | D:5      | Killed Eustachio
  5304 | D:5      | Found a broken altar of Ashenzari.
  5326 | D:5      | Reached *** piety under Trog
  5512 | D:5      | Found a staircase to the Ecumenical Temple.
  5565 | D:5      | Reached skill level 8 in Axes
  5810 | D:5      | Reached XP level 8. HP: 46/67 MP: 7/7
  6276 | D:6      | Reached skill level 5 in Fighting
  6276 | D:6      | Reached skill level 9 in Axes
  6940 | D:6      | Reached skill level 10 in Axes
  7418 | D:7      | Reached skill level 11 in Axes
  7462 | D:7      | Found a flagged portal.
  7477 | Bailey   | Entered a bailey
  7506 | Bailey   | Reached XP level 9. HP: 42/75 MP: 8/8
  7947 | Bailey   | Reached skill level 12 in Axes
  8063 | Bailey   | Found a large runed translucent door.
  8063 | Bailey   | Found a large runed translucent door.
  8064 | Bailey   | Noticed a deep elf pyromancer
  8084 | Bailey   | Noticed an orc knight
  8111 | Bailey   | Killed an orc knight
  8112 | Bailey   | Reached skill level 13 in Axes
  8135 | Bailey   | HP: 2/75 [orc warrior/+0 bardiche (7)]
  8478 | Bailey   | Killed a deep elf pyromancer
  8479 | Bailey   | Reached skill level 14 in Axes
  9304 | D:7      | Reached XP level 10. HP: 75/83 MP: 9/9
  9707 | D:7      | Noticed Pikel
  9716 | D:7      | Killed Pikel
  9843 | D:8      | Reached skill level 15 in Axes
 10400 | D:8      | Reached skill level 1 in Throwing
 10429 | D:8      | Reached **** piety under Trog
 11123 | D:9      | Reached skill level 5 in Throwing
 11926 | D:9      | Identified the +1 robe of the Untouchables {rN+ Int+6}
 11988 | D:9      | Found a shimmering blue altar of Sif Muna.
 12012 | D:9      | Reached XP level 11. HP: 92/92 MP: 10/10
 12049 | D:10     | Entered Level 10 of the Dungeon
 12126 | D:10     | Noticed a seven-headed hydra
 12128 | D:10     | Noticed clovenhoof's ghost (novice DrVM)
 12133 | D:10     | Noticed a two-headed ogre
 12134 | D:10     | Found a transporter.
 12185 | D:10     | Found a portal to a secret trove of treasure.
 12188 | D:10     | Noticed Erica
 12222 | D:10     | Killed Erica
 12274 | D:10     | Found a transporter.
 12849 | D:10     | Reached ***** piety under Trog
 12974 | D:10     | Found a staircase to the Orcish Mines.
 13285 | D:10     | Reached skill level 16 in Axes
 13710 | D:11     | Identified the +5 executioner's axe of Debt {flame, Dex+3}
                  | (Trog gifted it to you on level 11 of the Dungeon)
 13710 | D:11     | Received a gift from Trog
 13824 | D:11     | Found a staircase to the Lair.
 13824 | D:11     | Noticed a death yak
 13826 | D:11     | Noticed a death yak
 13826 | D:11     | Noticed a death yak
 13836 | D:10     | Killed a death yak
 14253 | D:11     | Killed a death yak
 14254 | D:11     | Reached skill level 17 in Axes
 14263 | D:11     | Killed a death yak
 14430 | D:11     | Identified a scroll of acquirement
 14431 | D:11     | Acquired the +3 pair of mountain boots {steadfast, rC+}
 14431 | D:11     | Found the +3 pair of mountain boots {steadfast, rC+}
 14730 | Lair:1   | Entered Level 1 of the Lair of Beasts
 14743 | Lair:1   | Noticed an eight-headed hydra
 14761 | Lair:1   | Killed a seven-headed hydra
 14762 | Lair:1   | Reached XP level 12. HP: 104/104 MP: 11/11
 14803 | Lair:1   | Noticed a boulder beetle
 14838 | Lair:1   | Killed a boulder beetle
 15211 | Lair:1   | Reached skill level 18 in Axes
 16215 | Lair:1   | Reached skill level 19 in Axes
 17016 | Lair:2   | Noticed a catoblepas
 17038 | Lair:2   | Killed a catoblepas
 17351 | Lair:2   | Noticed a four-headed hydra
 17360 | Lair:2   | Killed a one-headed hydra
 17818 | Lair:3   | Reached skill level 10 in Armour
 17908 | Lair:3   | Noticed a seven-headed hydra
 17919 | Lair:3   | Killed a five-headed hydra
 17977 | Lair:3   | Reached XP level 13. HP: 110/111 MP: 12/12
 17980 | Lair:3   | Found a staircase to the Swamp.
 18003 | Lair:3   | Reached skill level 20 in Axes
 18014 | Lair:3   | Found a frozen archway.
 18033 | IceCv    | Entered an ice cave
 18305 | IceCv    | Identified the +6 quarterstaff "Demonbane" {speed, Int+2}
 18463 | IceCv    | Received a gift from Trog
 18467 | IceCv    | Reached skill level 10 in Fighting
 18520 | IceCv    | Reached skill level 5 in Dodging
 18607 | IceCv    | Noticed a frost giant
 18612 | IceCv    | Killed a frost giant
 18926 | Lair:3   | Noticed Nergalle
 18945 | Lair:3   | Killed Nergalle
 18996 | Lair:3   | Found a hole to the Spider Nest.
 19449 | Lair:3   | Reached skill level 21 in Axes
 19893 | Lair:4   | Noticed Nubia's ghost (journeyman GnEn)
 20091 | Lair:4   | Reached XP level 14. HP: 124/124 MP: 13/13
 20231 | Lair:4   | Found a transporter.
 20321 | Lair:4   | Found a staircase to the Slime Pits.
 20322 | Lair:4   | Found a viscous altar of Jiyva.
 20426 | Lair:4   | Found a transporter.
 20611 | Lair:4   | Identified the +1 ring mail of the Guardian {Fly Will+
                  | Str+2}
 20780 | Lair:5   | Entered Level 5 of the Lair of Beasts
 21983 | Lair:5   | Reached ****** piety under Trog
 21983 | Lair:5   | Received a gift from Trog
 22535 | D:12     | Reached skill level 22 in Axes
 22613 | D:12     | Reached skill level 1 in Evocations
 22652 | D:12     | Identified the +3 rapier of Armageddon {flame, rN+ Stlth+}
 22859 | D:13     | Found a gate to the Vaults.
 23061 | D:13     | Noticed Nessos
 23146 | D:13     | Killed Nessos
 23149 | D:13     | Reached XP level 15. HP: 125/137 MP: 14/14
 24018 | D:14     | Identified the +0 chain mail "Anau" {Int+5}
 24451 | Orc:1    | Entered Level 1 of the Orcish Mines
 24613 | Orc:2    | Entered Level 2 of the Orcish Mines
 24621 | Orc:2    | Found a staircase to the Elven Halls.
 25105 | Orc:2    | Paralysed by an orc sorcerer for 4 turns
 25170 | Orc:2    | Received a gift from Trog
 25467 | Orc:2    | Found a runed translucent gate.
 25467 | Orc:2    | Found a runed translucent gate.
 25469 | Orc:2    | Found a runed translucent gate.
 25474 | Orc:2    | Found an opulent altar of Gozag.
 25475 | Orc:2    | Found Fuinax's Assorted Antiques.
 25475 | Orc:2    | Noticed greatdavidd's ghost (journeyman HOFi)
 25477 | Orc:2    | Found Isonuirim's Assorted Antiques.
 26090 | Orc:2    | Found Dikitzeq's General Store.
 26116 | Orc:2    | Found Lour Soi's Distillery.
 26167 | Orc:2    | Gained mutation: You sometimes lose your temper in combat.
                  | [a neqoxec]
 26180 | Orc:2    | Reached skill level 5 in Evocations
 26430 | Orc:2    | Received a gift from Trog
 26519 | Orc:2    | Found Quprirgh's Book Shop.
 26519 | Orc:2    | Found Wemaphur's Antique Weapon Boutique.
 26519 | Orc:2    | Found a one-way gate leading to the halls of Pandemonium.
 26559 | Orc:2    | Bought a potion of heal wounds for 75 gold pieces
 26603 | Orc:2    | Killed greatdavidd's ghost
 26641 | Orc:2    | Bought a potion of heal wounds for 145 gold pieces
 26644 | Orc:2    | Bought 2 potions of might for 264 gold pieces
 26965 | Swamp:1  | Entered Level 1 of the Swamp
 27200 | Orc:2    | Bought a ring of poison resistance for 220 gold pieces
 27793 | Swamp:1  | Paralysed by a hornet for 3 turns
 28128 | Swamp:2  | Noticed a thorn hunter
 28288 | Swamp:2  | Killed a thorn hunter
 28379 | Swamp:2  | Noticed a thorn hunter
 28387 | Swamp:2  | Killed a thorn hunter
 28388 | Swamp:2  | Reached XP level 16. HP: 106/147 MP: 15/15
 28449 | Swamp:2  | Found a broken altar of Ashenzari.
 28518 | Swamp:2  | Received a gift from Trog
 28536 | Swamp:2  | Reached skill level 15 in Fighting
 29044 | Swamp:3  | Noticed Kirke
 29053 | Swamp:3  | Reached skill level 23 in Axes
 29053 | Swamp:3  | Killed Kirke
 29060 | Swamp:3  | Reached skill level 15 in Armour
 29128 | Swamp:3  | Noticed a thorn hunter
 29137 | Swamp:3  | Killed a thorn hunter
 29160 | Swamp:3  | Noticed Jorgrun
 29175 | Swamp:3  | Killed Jorgrun
 29651 | Swamp:3  | Identified the +3 trident of the Whale {flame, Int+4 Dex+2}
 29711 | Swamp:4  | Entered Level 4 of the Swamp
 29722 | Swamp:4  | Noticed Roxanne
 30283 | Swamp:4  | Received a gift from Trog
 30593 | Swamp:4  | Noticed a thorn hunter
 30600 | Swamp:4  | Found a blossoming altar of Fedhas.
 30600 | Swamp:4  | Noticed a thorn hunter
 30601 | Swamp:4  | Noticed a thorn hunter
 30607 | Swamp:4  | Killed a thorn hunter
 30758 | Swamp:4  | Killed Roxanne
 31012 | Swamp:4  | Killed a thorn hunter
 31054 | Swamp:4  | Killed a thorn hunter
 31055 | Swamp:4  | Reached skill level 24 in Axes
 31136 | Swamp:4  | Found a basalt altar of Yredelemnul.
 31150 | Swamp:4  | Got a decaying rune of Zot
 31252 | Swamp:4  | Identified the +1 plate armour of Follow the Leader {rElec}
 31393 | Spider:1 | Entered Level 1 of the Spider Nest
 31420 | Spider:1 | Reached XP level 17. HP: 160/161 MP: 16/16
 31986 | Spider:1 | Identified the ring of Limitation {Ice Str+4}
 32376 | Spider:2 | Received a gift from Trog
 33055 | Spider:2 | Noticed Arachne
 33079 | Spider:2 | Killed Arachne
 34230 | Spider:3 | Received a gift from Trog
 34807 | Spider:4 | Entered Level 4 of the Spider Nest
 35354 | Spider:4 | Reached skill level 25 in Axes
 35375 | Spider:4 | Gained mutation: You occasionally lose the ability to read
                  | scrolls when taking damage. [mutagenic glow]
 35456 | Spider:4 | Identified the +2 cloak "Enalic" {-Cast rF+ rC++}
 35929 | Spider:4 | Received a gift from Trog
 35934 | Spider:4 | Reached XP level 18. HP: 174/174 MP: 17/17
 36597 | Spider:4 | Got a gossamer rune of Zot
 36944 | Vaults:1 | Entered Level 1 of the Vaults
 37801 | Vaults:1 | Found Guisuh's Antique Armour Shoppe.
 39890 | Vaults:2 | Reached skill level 26 in Axes
 40103 | Vaults:2 | Received a gift from Trog
 40557 | Vaults:2 | Found Iwyitsef's Antique Weapon Shop.
 40969 | Vaults:2 | Reached XP level 19. HP: 166/187 MP: 6/18
 41359 | Vaults:2 | Reached skill level 10 in Throwing
 41937 | Vaults:2 | Found a staircase to the Crypt.
 42172 | Vaults:3 | Received a gift from Trog
 42551 | Vaults:3 | Found Kazue's Jewellery Shoppe.
 42559 | Vaults:3 | Bought a ring of willpower for 400 gold pieces
 42602 | Vaults:3 | Found Rikh's Assorted Antiques.
 42835 | Vaults:3 | Mangled by a vault warden

Illustrated notes

Levels and vault maps discovered:
D:1:      dpeg_arrival_water_temple_mockup, layout_basic, lemuel_another_geyser
D:2:      layout_basic, kennysheep_pointless_box, palyth_stone_intersect
D:3:      layout_rooms, mainiacjoe_overflow_chevrons,
          mainiacjoe_overflow_alcove_4, nrook_mini_backslash,
          grunt_ministairs_13, uniq_natasha
D:4:      layout_rooms, minitemple
D:5:      layout_loops_corners, nicolae_ashenzari_panopticon,
          minmay_temple_entry_nine_rooms, nicolae_titane, uniq_eustachio
D:6:      layout_layer_cave
D:7:      layout_basic, serial_glass, glass_columns_c, glass_columns_b,
          enter_bailey_3, minmay_misc_feat_four_crosses, uniq_pikel
D:8:      kennysheep_housing_project, layout_rooms, minivault_23
D:9:      layout_rooms, led_sif_pool
D:10:     layout_loops_ring, david_orc_4, nicolae_trove_entry_isolated,
          serial_glass, glass_columns_a, glass_columns_a, glass_columns_a,
          glass_columns_b, glass_columns_b, glass_columns_c,
          gammafunk_ghost_arena, uniq_erica
D:11:     layout_cave_pools, dpeg_lair_monsters
D:12:     layout_basic
D:13:     layout_big_octagon, erik_vaults_1, minmay_lizard_king, uniq_nessos
D:14:     layout_long_grid, hangedman_abyss_or_decor_slice,
          chequers_hall_statues_y, dk_noncrumbling_2
Lair:1:   dreamdust_isle_of_ice, layout_gridlike,
          eino_small_chamber_without_monster, beast_lair_carwin_5,
          infiniplex_staircase_pool_2
Lair:2:   layout_cave_pods
Lair:3:   cheibrodos_magma_flow, layout_loops_ring, minmay_swamp_entry_reptiles,
          spider_nest_entry_a, portal_ice_cave_entry_ice_simulacra,
          disabler_island, uniq_nergalle
Lair:4:   layout_long_grid, dpeg_slime_entry_corner,
          gammafunk_ghost_berserking_beasts, serial_bayou_shore_b,
          infiniplex_staircase_pool
Lair:5:   grunt_lair_end_beastmaster, layout_cave_pods, lemuel_fruit_fields
Swamp:1:  layout_basic_swamp, nicolae_swamp_ascending_descending_big
Swamp:2:  layout_falls_marsh, lemuel_altar_in_water, swamp_pool3
Swamp:3:  layout_falls_marsh, evilmike_swamp_ruin_house_6, swamp_pool4,
          uniq_kirke, uniq_jorgrun
Swamp:4:  byrel_swamp_growth_death_and_undeath, layout_basic_swamp, uniq_roxanne
Spider:1: layout_cave_pods
Spider:2: layout_spider_delve, uniq_arachne
Spider:3: layout_spider_delve, drop_trap
Spider:4: hellmonk_spider_rune_bug_friends
Orc:1:    layout_caves
Orc:2:    pf_orc_diabolical, layout_diamond_mine, ebering_ghost_gozag
Vaults:1: nicolae_vaults_ninety_degrees, v_misc_27,
          ontoclasm_vaults_loading_screen, ontoclasm_vaults_bender,
          nicolae_vaults_little_squares_3, nicolae_vaults_network_square,
          nicolae_vaults_mini_display_case, layout_vaults_quadrants,
          serial_shops, nicolae_shop_overgrown_old_shop
Vaults:2: minmay_crypt_entry_simple_sparse, vaults_dpeg_cross, v_misc_5,
          nicolae_vaults_three_branches, vaults_dpeg_spiral, v_misc_4,
          hangedman_vaults_stream, grunt_vaults_focal,
          grunt_vaults_hallway_long, v_alt_pattern_4,
          nicolae_vaults_shelves_hall, v_pattern_2, vaults_room_hallway,
          layout_vaults_big_cross, serial_shops, shop_fountains
Vaults:3: nicolae_vaults_network_quinsquares
          [nicolae_vaults_network_quincunx_subvault,
          nicolae_vaults_network_quincunx_subvault,
          nicolae_vaults_network_quincunx_subvault,
          nicolae_vaults_network_quincunx_subvault],
          vaults_standard_mumra_lines, hangedman_vaults_cutoff,
          nicolae_vaults_angled_halls, v_pattern_5, ontoclasm_vaults_hangar,
          nicolae_vaults_network_barrier, vaults_room_large_hall,
          vaults_room_guarded_vault, v_misc_24, vaults_room_pool,
          ontoclasm_vaults_decontamination, v_misc_31,
          nicolae_vaults_little_squares_6, layout_vaults_ring, serial_shops,
          nicolae_shop_crystal, shop, shop_fountains

Skill      XL: |  1  2  3  4  5  6  7  8  9 10 11 12 13 14 15 16 17 18 19 |
---------------+----------------------------------------------------------+-----
Axes           | 4 5 6 7 8 11 14 15 17 19 21 22 24 25 26 | 26.1
Fighting       | 4 5 6 7 9 11 13 14 17 18 20 21 | 21.2
Armour         | 3 4 5 6 7 10 11 13 14 15 16 18 19 | 19.6
Shields        | 1 2 3 4 |  4.0
Throwing       | 7 9 10 | 10.9
Dodging        | 6 8 |  8.0
Evocations     | 3 7 8 |  8.0

Action                   |  1- 3 |  4- 6 |  7- 9 | 10-12 | 13-15 | 16-18 | 19-21 || total
-------------------------+-------+-------+-------+-------+-------+-------+-------++-------
Melee: Hand axe          |   110 |    82 |    95 |       |       |       |       ||   287
       Headbutt          |    10 |    10 |    36 |   116 |   175 |   249 |    62 ||   658
       Punch             |     1 |       |       |       |       |       |       ||     1
       Battleaxe         |       |       |   128 |   390 |       |       |       ||   518
       Executioner's axe |       |       |       |   139 |   807 |  1001 |   184 ||  2131
Throw: Stone             |     3 |       |       |       |       |       |       ||     3
       Dart              |       |       |       |     4 |       |    55 |       ||    59
       Javelin           |       |       |       |       |    42 |    31 |     9 ||    82
       Boomerang         |       |       |       |       |    28 |    16 |     7 ||    51
Invok: Berserk           |     3 |     4 |    12 |     7 |     2 |     8 |     2 ||    38
       Trog's Hand       |       |     1 |     2 |     3 |     1 |     5 |       ||    12
       Brothers in Arms  |       |       |       |     1 |       |       |       ||     1
Evoke: Wand              |       |       |       |     1 |     4 |     2 |     2 ||     9
       Tin of tremorston |       |       |       |       |       |     2 |       ||     2
  Use: Scroll            |     4 |     3 |     6 |    13 |     3 |     3 |     1 ||    33
       Potion            |       |       |     6 |       |     2 |     2 |       ||    10
 Stab: Invisible         |       |       |     2 |       |     2 |       |       ||     4
       Distracted        |       |       |       |       |       |     1 |       ||     1
Armor: Animal skin       |     5 |       |       |       |       |       |       ||     5
       Scale mail        |    28 |    15 |    51 |       |       |       |       ||    94
       Plate armour      |       |       |    19 |   254 |   431 |   708 |   157 ||  1569
Dodge: Dodged            |    54 |    26 |    84 |   155 |   311 |   491 |   190 ||  1311
Block: Buckler           |     6 |     8 |     9 |       |       |       |       ||    23
